 Dungeon Crawl Stone Soup version 0.22.0-40-g68aacdc (webtiles) character file.

194 Folque the Caller (level 5, -1/19 HPs)
             Began as a Felid Summoner on Sept 1, 2018.
             Killed from afar by a dart slug (5 damage)
             ... with a slug dart
             ... on level 4 of the Dungeon.
             The game lasted 00:21:22 (5306 turns).

Folque the Caller (Felid Summoner)                  Turns: 5306, Time: 00:21:23

Health: -1/19      AC:  1    Str:  4    XL:     5   Next: 44%
Magic:  9/11       EV: 20    Int: 16    God:
Gold:   265        SH:  0    Dex: 16    Spells: 3/10 levels left
                                        Lives:  0   Deaths: 1

rFire    . . .     SeeInvis +   (weapon unavailable)
rCold    . . .     Gourm    .   (shield unavailable)
rNeg     . . .     Faith    .   (armour unavailable)
rPois    .         Spirit   .   (helmet unavailable)
rElec    .         Reflect  .   (cloak unavailable)
rCorr    .         Harm     .   (gloves unavailable)
MR       +....     Rnd*Rage +   (boots unavailable)
Stlth    +++.......             (no amulet)
HPRegen  0.06/turn              n - ring of protection from magic
MPRegen  0.12/turn              (no ring)

@: quick
A: very small, no armour, no weapons or thrown items, stealth, claws 1, fangs 3,
repulsion field 1, see invisible, berserk 1, carnivore, dopey 1, speed 1, frail
1, shaggy fur 1, slow metabolism 1, sharp paws
a: no special abilities


You were on level 4 of the Dungeon.
You were very full.

You visited 1 branch of the dungeon, and saw 4 of its levels.

You collected 265 gold pieces.

Inventory:

Jewellery
 n - a ring of protection from magic (left paw)
Scrolls
 c - a scroll of fear {unknown}
 d - a scroll of blinking {unknown}
 e - 3 scrolls of remove curse {unknown}
 f - 2 scrolls of identify
 g - a scroll of enchant weapon {unknown}
 h - a scroll of teleportation {unknown}
 k - a scroll of fog {unknown}
 l - 2 scrolls of immolation {unknown}
 o - a scroll of enchant armour {unknown}
 p - a scroll of magic mapping {unknown}
Potions
 a - a potion of invisibility
 i - 2 potions of magic {unknown}
 j - a potion of curing
 m - a potion of might {unknown}
 q - a potion of brilliance {unknown}
 r - a potion of ambrosia {unknown}
Comestibles
 b - 7 rations


   Skills:
 - Level 1.0 Fighting
 + Level 3.3 Dodging
 - Level 2.6 Stealth
 - Level 3.3 Spellcasting
 - Level 6.0 Summonings
 * Level 0.8 Ice Magic


You had 3 spell levels left.
You knew the following spells:

 Your Spells              Type           Power        Failure   Level  Hunger
a - Summon Small Mammal   Summ           ###.         1%          1    None
b - Call Imp              Summ           ###.....     2%          2    ##.....
c - Summon Ice Beast      Ice/Summ       ##......     41%         4    ####...

Your spell library contained the following spells:

 Spells                   Type           Power        Failure   Level  Hunger
 Call Canine Familiar     Summ           ###.....     4%          3    ###....
 Summon Guardian Golem    Hex/Summ       ##......     16%         3    ###....
 Summon Lightning Spire   Summ/Air       ##......     45%         4    ####...


Dungeon Overview and Level Annotations

Branches:
Dungeon (4/15)
 Temple: D:4-7

Altars:
Kikubaaqudgha
Qazlal
Trog
The Shining One


Innate Abilities, Weirdness & Mutations

You cannot wear armour.
You are incapable of wielding weapons or throwing items.
Your paws allow you to move quietly. (Stealth)
You have sharp claws.
You have razor-sharp teeth.
You have supernaturally acute eyesight. (SInv)
You are carnivorous and can eat meat at any time.
You cover ground quickly.
You are covered in fur. (AC +1)
You have a slow metabolism.
Your sharp claws are effective at attacking unaware monsters.
You are surrounded by a mild repulsion field. (EV +2)
You tend to lose your temper in combat.
You are dopey. (Int -2)
You are frail. (-10% HP)


Message History

The dart slug bites you.
You barely miss the dart slug. You bite the dart slug.
The dart slug is heavily wounded.
The dart slug bites you.
You scratch the dart slug but do no damage.
The dart slug is heavily wounded.
The dart slug launches a dart at you. The slug dart hits you!
* * * LOW HITPOINT WARNING * * *
Casting: Call Imp (safe; 2% risk of failure)
Confirm with . or Enter, or press ? or * to list all spells.
A beastly little devil appears in a puff of flame.
You scratch the dart slug but do no damage.
The dart slug is heavily wounded.
The dart slug completely misses you.
You scratch the dart slug.
The dart slug is severely wounded.
The dart slug launches a dart at you. The slug dart hits you!
You die...

....#.#..##..###..#..###..#..#
##..#.....#..# #..#..# #..#..#
.#..#.....#..###..#..###..#..####
.#........'......................
.#..##....######..##.###.##..####
..........'.# #.........##..#
..........### #..##.######.<###
....#.....# ###w.##.## #.....#
.#..#.....# #..@5##..# #...#.#
.#..#.....# #....##..# #...#.#
.#....#'######....##..####...#.#
........#...................##.##
.................................
......##..........###.#####.##.##
###...##....[.##..# #.# #.##†#
......##.#+#......# #.......##.#
............................##.#


You could see a dart slug and a friendly crimson imp.

Vanquished Creatures
  An adder skeleton (D:4)
  3 dart slugs
  A leopard gecko (D:2)
  3 orcs (D:4)
  2 giant cockroaches (D:3)
  9 goblins
  8 hobgoblins
  3 jackals (D:4)
  4 kobolds
  3 ball pythons
  4 bats
  3 frilled lizards
  3 rats
  A toadstool (D:1)
48 creatures vanquished.

Vanquished Creatures (collateral kills)
  An ogre (D:4)
  A howler monkey (D:4)
  A hound (D:4)
  3 worker ants (D:4)
  2 adders (D:3)
  A gnoll (D:1)
  A howler monkey skeleton (D:4)
  An ooze (D:1)
  5 worms
  10 orcs
  2 bats
  2 giant cockroaches (D:1)
  A goblin (D:2)
  3 hobgoblins
  A jackal (D:4)
  2 frilled lizards
  3 kobolds
  A rat (D:3)
41 creatures vanquished.

Vanquished Creatures (others)
  3 toadstools (D:1)
3 creatures vanquished.

Grand Total: 92 creatures vanquished

Notes
Turn   | Place    | Note
-------+----------+-------------------------------------------
     0 | D:1      | Folque the Felid Summoner began the quest for the Orb.
     0 | D:1      | Reached XP level 1. HP: 7/7 MP: 4/4
    72 | D:1      | Reached XP level 2. HP: 5/12 MP: 3/6
   669 | D:1      | Learned a level 2 spell: Call Imp
   790 | D:1      | Found a glowing golden altar of the Shining One.
  1222 | D:1      | Reached skill level 1 in Fighting
  1315 | D:1      | Reached XP level 3. HP: 15/15 MP: 7/7
  3141 | D:3      | Reached XP level 4. HP: 14/19 MP: 3/8
  3185 | D:3      | Reached skill level 5 in Summonings
  4073 | D:3      | Found a bloodstained altar of Trog.
  4103 | D:3      | Found a stormy altar of Qazlal.
  4105 | D:3      | Found an ancient bone altar of Kikubaaqudgha.
  4183 | D:4      | Gained mutation: You tend to lose your temper in combat. [potion of mutation]
  4183 | D:4      | Gained mutation: You are dopey. (Int -2) [potion of mutation]
  4183 | D:4      | Gained mutation: You are frail. (-10% HP) [potion of mutation]
  4183 | D:4      | Gained mutation: You are surrounded by a mild repulsion field. (EV +2) [potion of mutation]
  4187 | D:4      | Slain by a worker ant
  4188 | D:4      | Reached XP level 3. HP: -1/13 MP: 6/8
  4371 | D:4      | Reached XP level 4. HP: 16/17 MP: 1/9
  4375 | D:4      | Noticed an ogre
  4845 | D:4      | Killed an ogre
  4845 | D:4      | Reached skill level 6 in Summonings
  4845 | D:4      | Reached XP level 5. HP: 16/19 MP: 3/11
  4851 | D:4      | Learned a level 4 spell: Summon Ice Beast
  5306 | D:4      | Killed from afar by a dart slug

Skill      XL: |  1  2  3  4 |
---------------+-------------+-----
Dodging        | 3 |  3.3
Fighting       | 1 |  1.0
Summonings     | 6 |  6.0
Spellcasting   | 3 |  3.3
Stealth        | |  2.6
Ice Magic      | |  0.8

Action                   |  1- 3 |  4- 6 || total
-------------------------+-------+-------++-------
Melee: Unarmed           |   188 |    88 ||   276
       Bite              |    14 |     8 ||    22
 Cast: Summon Small Mamm |    19 |    11 ||    30
       Call Imp          |    18 |    23 ||    41
  Use: Potion            |       |     3 ||     3
       Scroll            |       |     1 ||     1
 Stab: Sleeping          |    12 |     6 ||    18
  Eat: Chunk             |    15 |     7 ||    22
Armor: Skin              |     9 |     5 ||    14
Dodge: Dodged            |   141 |    82 ||   223
